 Dungeon Crawl Stone Soup version 0.21.0-30-g47ce8e4 (webtiles) character file.

147 tidbits the Chiller (level 5, -6/60 HPs)
             Began as a Gnoll Ice Elementalist on Jan 29, 2018.
             Mangled by an ogre
             ... wielding a +0 giant club
              (13 damage)
             ... on level 3 of the Dungeon.
             The game lasted 00:06:51 (784 turns).

tidbits the Chiller (Gnoll Ice Elementalist)         Turns: 784, Time: 00:06:52

Health: -6/60      AC: 22    Str: 11    XL:     5   Next: 29%
Magic:  0/12       EV:  2    Int: 18    God:
Gold:   123        SH:  0    Dex: 22    Spells: 8/14 levels left

rFire    . . .     SeeInvis .     - Unarmed
rCold    . . .     Gourm    .   (no shield)
rNeg     + + +     Faith    .   (armour currently unavailable)
rPois    +         Spirit   .   (helmet currently unavailable)
rElec    .         Reflect  .   (cloak currently unavailable)
rCorr    .         Harm     .   (gloves currently unavailable)
MR       .....     NoTele   +   (boots currently unavailable)
Stlth    ++++......             (no amulet)
HPRegen  0.20/turn              P - ring of poison resistance
MPRegen  0.13/turn              (no ring)

@: agile, tree-form, very slightly contaminated
A: distributed training, agile 1, robust 1, strong nose
a: no special abilities


You were on level 3 of the Dungeon.
You were not hungry.
You were a tree.
You visited 1 branch of the dungeon, and saw 5 of its levels.

You collected 123 gold pieces.

Inventory:

Hand Weapons
 a - a +1 dagger
 b - a +0 quarterstaff
 q - a +0 hunting sling
Armour
 d - a +0 robe (melded)
 h - a +2 leather armour of cold resistance
   (You found it on level 3 of the Dungeon)
Jewellery
 P - a ring of poison resistance (left branch)
   (You found it on level 2 of the Dungeon)
Scrolls
 e - a scroll of amnesia {unknown}
 g - a scroll of fog {unknown}
 i - 3 scrolls of enchant weapon
 j - a scroll of teleportation {unknown}
 l - a scroll of immolation {unknown}
 o - 2 scrolls of identify
 r - 4 scrolls of remove curse
Potions
 p - a potion of curing
Books
 m - a book of Frost

   Spells                             Type                      Level
   a - Freeze                         Ice                          1
   b - Throw Frost                    Conjuration/Ice              2
   c - Ozocubu's Armour               Charms/Ice                   3
   d - Throw Icicle                   Conjuration/Ice              4
   e - Summon Ice Beast               Ice/Summoning                4
Comestibles
 c - 5 rations


   Skills:
 + Level 1.4 Fighting
 + Level 1.4 Short Blades
 + Level 1.4 Long Blades
 + Level 1.4 Axes
 + Level 1.4 Maces & Flails
 + Level 1.4 Polearms
 + Level 1.4 Staves
 + Level 1.4 Slings
 + Level 1.4 Bows
 + Level 1.4 Crossbows
 + Level 1.4 Throwing
 + Level 1.4 Armour
 + Level 4.7 Dodging
 + Level 4.3 Stealth
 + Level 1.4 Shields
 + Level 1.4 Unarmed Combat
 + Level 5.1 Spellcasting
 + Level 2.3 Conjurations
 + Level 1.1 Hexes
 + Level 1.1 Charms
 + Level 1.1 Summonings
 + Level 1.1 Necromancy
 + Level 1.1 Translocations
 + Level 1.1 Transmutations
 + Level 1.1 Fire Magic
 + Level 5.5 Ice Magic
 + Level 1.1 Air Magic
 + Level 1.1 Earth Magic
 + Level 1.1 Poison Magic
 + Level 1.5 Invocations
 + Level 1.4 Evocations


You had 8 spell levels left.
You knew the following spells:

 Your Spells              Type           Power        Failure   Level  Hunger
a - Freeze                Ice            ###.         1%          1    None
o - Ozocubu's Armour      Chrm/Ice       ###.....     10%         3    ##.....
t - Throw Frost           Conj/Ice       ###...       3%          2    #......


Dungeon Overview and Level Annotations

Branches:
Dungeon (5/15)
 Temple: D:4-7

Altars:
Makhleb


Innate Abilities, Weirdness & Mutations

Your experience applies equally to all skills.
((You have extremely sharp teeth.))
Your uncanny sense of smell can sniff out nearby items.
You are agile. (Dex +2)
You are robust. (+10% HP)
((Your movements are slightly less encumbered by armour. (ER -2)))


Message History

You have reached level 5!
The kobold throws a stone.
The stone barely misses you. The orc barely misses you.
The orc suddenly complains.
Really quaff
f - a potion of mutation {!q}?
You feel extremely strange.
Your urge to shout disappears.
You feel more energetic.
You feel robust.
You feel agile.
Your teeth lengthen and sharpen some more.
The orc hits you but does no damage.
Casting: Freeze
Confirm with . or Enter, or press ? or * to list all spells.
Aiming: Freeze
Press: ? - help, Shift-Dir - straight line, f - orc
Aim: an orc, wielding a war axe You freeze the orc.
The orc is almost dead.
Casting: Freeze
Confirm with . or Enter, or press ? or * to list all spells.
Aiming: Freeze
Press: ? - help, Shift-Dir - straight line, f - orc, p - orc
Aim: an orc You miscast Freeze.
You are very lightly contaminated with residual magic.
Nothing appears to happen.
Casting: Freeze
Confirm with . or Enter, or press ? or * to list all spells.
Aiming: Freeze
Press: ? - help, Shift-Dir - straight line, f/p - orc
Aim: an orc You freeze the orc.
You kill the orc!
You barely miss the orc.
The orc is almost dead.
The orc hits you with a war axe!
* * * LOW HITPOINT WARNING * * *
Casting: Freeze
Confirm with . or Enter, or press ? or * to list all spells.
Aiming: Freeze
Press: ? - help, Shift-Dir - straight line, f - orc
Aim: an orc, wielding a war axe (almost dead)
You freeze the orc.
You kill the orc!
The kobold throws a stone.
The stone barely misses you.
As you read the scroll labeled NIMMOGIURI, it crumbles to dust.
It is a scroll of identify.
p - 2 potions of curing The goblin closely misses you.
As you read the scroll of identify, it crumbles to dust.
n - a potion of lignification The goblin hits you with a club.
* * * LOW HITPOINT WARNING * * *
You turn into a tree.
Your +0 robe melds into your body.
Your roots penetrate the ground.
There are monsters nearby!
Wield which item (- for none, * to show all)? (? for menu, Esc to quit)
You are now empty-handed.
The goblin hits you but does no damage.
It was a potion of agility.
You feel agile all of a sudden. The goblin hits you but does no damage.
You hit the goblin.
You kill the goblin!
You hit the ogre.
The ogre is lightly wounded.
The ogre hits you with a giant club!
* * * LOW HITPOINT WARNING * * *
Casting: Freeze
Confirm with . or Enter, or press ? or * to list all spells.
Aiming: Freeze
Press: ? - help, Shift-Dir - straight line, f - ogre
Aim: an ogre, wielding a giant club (lightly wounded)
You freeze the ogre.
The ogre is moderately wounded.
The ogre hits you with a giant club.
* * * LOW HITPOINT WARNING * * *
You feel better. The ogre hits you with a giant club.
* * * LOW HITPOINT WARNING * * *
Casting: Freeze
Confirm with . or Enter, or press ? or * to list all spells.
Aiming: Freeze
Press: ? - help, Shift-Dir - straight line, f/p - ogre
Aim: an ogre, wielding a giant club (moderately wounded)
You freeze the ogre.
The ogre is moderately wounded.
Casting: Freeze
Confirm with . or Enter, or press ? or * to list all spells.
Aiming: Freeze
Press: ? - help, Shift-Dir - straight line, f/p - ogre
Aim: an ogre, wielding a giant club (moderately wounded)
You freeze the ogre.
The ogre is heavily wounded.
The ogre hits you with a giant club.
* * * LOW HITPOINT WARNING * * *
You smack the ogre!
The ogre is almost dead.
The ogre hits you but does no damage.
You hit the ogre.
The ogre is almost dead.
The ogre hits you with a giant club!
You die...

#..................
#..........#.......
#<...#..#.##.#...##
#.##....#.# .....#
#.###...#.# ##..##
#.# #.###.# ..# #.#
#.# #.# ##).## #.#
#.# #.###OK..# #.#
#.###.#.♣###%# #[.
.........# #..
#.#####..#
#..##.#####.#...#
#..... #....##.##
##### #.... #.####
.)# #...#
#...###[##### .#
#...# #...........#
.# ####....
#...........# #
####.......


You could see an ogre and a kobold.

Vanquished Creatures
  A crimson imp (D:5)
  An orc priest (D:3)
  A hound zombie (D:5)
  3 adders
  An adder skeleton (D:4)
  A worm (D:4)
  A dart slug (D:2)
  A leopard gecko (D:2)
  4 orcs (D:3)
  2 giant cockroaches
  3 goblins
  3 hobgoblins
  A quokka (D:3)
  3 bats
  A frilled lizard (D:2)
  6 rats
33 creatures vanquished.

Notes
Turn   | Place    | Note
-------+----------+-------------------------------------------
     0 | D:1      | tidbits the Gnoll Ice Elementalist began the quest for the Orb.
     0 | D:1      | Reached XP level 1. HP: 13/13 MP: 6/6
    63 | D:2      | Reached skill level 2 in Conjurations
    63 | D:2      | Reached XP level 2. HP: 20/20 MP: 4/7
   149 | D:2      | Reached skill level 5 in Spellcasting
   149 | D:2      | Reached XP level 3. HP: 17/25 MP: 0/9
   153 | D:2      | Learned a level 2 spell: Throw Frost
   157 | D:2      | Learned a level 3 spell: Ozocubu's Armour
   179 | D:3      | Noticed an ogre
   180 | D:3      | Reached skill level 1 in Invocations
   558 | D:3      | Found a burning altar of Makhleb.
   605 | D:4      | Reached skill level 1 in Fighting
   605 | D:4      | Reached skill level 1 in Short Blades
   605 | D:4      | Reached skill level 1 in Long Blades
   605 | D:4      | Reached skill level 1 in Axes
   605 | D:4      | Reached skill level 1 in Maces & Flails
   605 | D:4      | Reached skill level 1 in Polearms
   605 | D:4      | Reached skill level 1 in Staves
   605 | D:4      | Reached skill level 1 in Slings
   605 | D:4      | Reached skill level 1 in Bows
   605 | D:4      | Reached skill level 1 in Crossbows
   605 | D:4      | Reached skill level 1 in Throwing
   605 | D:4      | Reached skill level 1 in Armour
   605 | D:4      | Reached skill level 1 in Shields
   605 | D:4      | Reached skill level 1 in Unarmed Combat
   605 | D:4      | Reached skill level 1 in Evocations
   645 | D:5      | Entered Level 5 of the Dungeon
   669 | D:5      | Reached XP level 4. HP: 22/32 MP: 11/11
   681 | D:5      | Reached skill level 1 in Hexes
   681 | D:5      | Reached skill level 1 in Charms
   681 | D:5      | Reached skill level 1 in Summonings
   681 | D:5      | Reached skill level 1 in Necromancy
   681 | D:5      | Reached skill level 1 in Translocations
   681 | D:5      | Reached skill level 1 in Transmutations
   681 | D:5      | Reached skill level 1 in Fire Magic
   681 | D:5      | Reached skill level 1 in Air Magic
   681 | D:5      | Reached skill level 1 in Earth Magic
   681 | D:5      | Reached skill level 1 in Poison Magic
   704 | D:5      | Noticed an orc warrior
   761 | D:3      | Gained mutation: Your magical capacity is low. (-10% MP) [potion of mutation]
   761 | D:3      | Gained mutation: You occasionally shout uncontrollably at your foes. [potion of mutation]
   761 | D:3      | Gained mutation: Your movements are slightly less encumbered by armour. (ER -2) [potion of mutation]
   764 | D:3      | Reached XP level 5. HP: 22/37 MP: 4/11
   766 | D:3      | Lost mutation: You occasionally shout uncontrollably at your foes. [potion of mutation]
   766 | D:3      | Lost mutation: Your magical capacity is low. (-10% MP) [potion of mutation]
   766 | D:3      | Gained mutation: You are robust. (+10% HP) [potion of mutation]
   766 | D:3      | Gained mutation: You are agile. (Dex +2) [potion of mutation]
   766 | D:3      | Gained mutation: You have extremely sharp teeth. [potion of mutation]
   779 | D:3      | HP: 4/60 [ogre/giant club (5)]
   784 | D:3      | Mangled by an ogre

Skill      XL: |  1  2  3  4 |
---------------+-------------+-----
Conjurations   | 2 |  2.3
Spellcasting   | 5 |  5.1
Invocations    | 1 |  1.5
Fighting       | 1 |  1.4
Short Blades   | 1 |  1.4
Long Blades    | 1 |  1.4
Axes           | 1 |  1.4
Maces & Flails | 1 |  1.4
Polearms       | 1 |  1.4
Staves         | 1 |  1.4
Slings         | 1 |  1.4
Bows           | 1 |  1.4
Crossbows      | 1 |  1.4
Throwing       | 1 |  1.4
Armour         | 1 |  1.4
Shields        | 1 |  1.4
Unarmed Combat | 1 |  1.4
Evocations     | 1 |  1.4
Hexes          | 1 |  1.1
Charms         | 1 |  1.1
Summonings     | 1 |  1.1
Necromancy     | 1 |  1.1
Translocations | 1 |  1.1
Transmutations | 1 |  1.1
Fire Magic     | 1 |  1.1
Air Magic      | 1 |  1.1
Earth Magic    | 1 |  1.1
Poison Magic   | 1 |  1.1
Dodging        | |  4.7
Stealth        | |  4.3
Ice Magic      | |  5.5

Action                   |  1- 3 |  4- 6 || total
-------------------------+-------+-------++-------
Melee: Dagger            |    11 |     1 ||    12
       Quarterstaff      |    12 |    12 ||    24
       Bite              |     4 |     1 ||     5
       Unarmed           |       |     4 ||     4
 Cast: Freeze            |    21 |    15 ||    36
  Use: Scroll            |     2 |     2 ||     4
       Potion            |       |     5 ||     5
 Stab: Sleeping          |     8 |       ||     8
  Eat: Ration            |     1 |       ||     1
Armor: Robe              |     1 |     5 ||     6
       Skin              |       |     1 ||     1
Dodge: Dodged            |    22 |    15 ||    37

Table legend:
 A = Turns spent in this place as a percentage of turns spent in the entire game.
 B = Non-inter-level travel turns spent in this place as a percentage of non-inter-level travel turns spent in the entire game.
 C = Inter-level travel turns spent in this place as a percentage of turns spent in this place.
 D = Turns resting spent in this place as a percentage of non-inter-level travel turns spent in this place.
 E = Turns spent auto-exploring this place as a percentage of non-inter-level travel turns spent in this place.
 F = Non-inter-level travel turns spent in this place divided by the number of levels of this place that you've seen.
                   A       B       C       D       E      F
               +-------+-------+-------+-------+-------+----------------------
         Total | 100.0 | 100.0 |   0.0 |   0.0 |   0.0 | 156.8
       Dungeon | 100.0 | 100.0 |   0.0 |   0.0 |   0.0 | 156.8
               +-------+-------+-------+-------+-------+----------------------

Table legend:
 A = Kills in this place as a percentage of kills in entire the game.
 B = Kills by you in this place as a percentage of kills by you in the entire game.
 C = Kills by friends in this place as a percentage of kills by friends in the entire game.
 D = Other kills in this place as a percentage of other kills in the entire game.
 E = Experience gained in this place as a percentage of experience gained in the entire game.
 F = Experience gained in this place divided by the number of levels of this place that you have seen.
                   A       B       C       D       E      F
               +-------+-------+-------+-------+-------+----------------------
         Total | 100.0 | 100.0 |   N/A |   N/A | 100.0 |  42.0
       Dungeon | 100.0 | 100.0 |   N/A |   N/A | 100.0 |  42.0
               +-------+-------+-------+-------+-------+----------------------

Vault maps used:
D:1:      dpeg_arrival_long_road, minmay_cupped
D:2:      fedhas_altar_fruit_tree, serial_corexii_hall, corexii_hall_statues_x,
          corexii_hall_statues_deadend
D:3:      cheibrodos_pilgrimage, overflow_temple_1_default, lemuel_round_altar,
          first_ration, st_stairs_8, lemuel_angel_altar
D:4:      minmay_temple_entry_glassed_door, hangedman_decor_growths
D:5:      kennysheep_six_static_rooms, tso_altar, serial_shops, shop,
          uniq_duvessa
